 Dungeon Crawl Stone Soup version 0.19-a0-823-gd955774 (webtiles) character file.

511 Implojin the Cleaver (level 6, 0/51 HPs)
             Began as a Minotaur Fighter on June 30, 2016.
             Was an Initiate of Trog.
             Succumbed to a killer bee's poison
             ... on level 8 of the Dungeon.
             The game lasted 00:03:45 (597 turns).

Implojin the Cleaver (Minotaur Fighter)              Turns: 597, Time: 00:03:46

Health: 0/51       AC:  6    Str: 21    XL:     6   Next: 99%
Magic:  5/5        EV:  7    Int:  5    God:    Trog [......]
Gold:   171        SH:  9    Dex: 11    Spells: 0 memorised, 5 levels left

rFire  . . .     SeeInvis .     a - +0 war axe
rCold  . . .     Gourm    .     b - +0 scale mail
rNeg   . . .     Faith    .     c - +0 shield
rPois  .         Spirit   .     (helmet restricted)
rElec  .         Dismiss  .     (no cloak)
rCorr  .         Reflect  .     (no gloves)
SustAt .         Harm     .     (no boots)
MR     .....                    (no amulet)
Stlth  ..........               (no ring)
                                (no ring)

@: lethally poisoned (0 -> -24), very slightly contaminated, hasted, very quick,
not resistant to hostile enchantments, extremely unstealthy
A: retaliatory headbutt, horns 2
a: Burn Spellbooks, Renounce Religion


You were on level 8 of the Dungeon.
You worshipped Trog.
Trog was noncommittal.
You were not hungry.

You visited 2 branches of the dungeon, and saw 9 of its levels.

You collected 171 gold pieces.

Inventory:

Hand Weapons
 a - a +0 war axe (weapon)
Armour
 b - a +0 scale mail (worn)
 c - a +0 shield (worn)
Jewellery
 k - an uncursed ring of fire
Wands
 m - a wand of paralysis (9/24)
Scrolls
 g - a scroll of noise {unknown}
 j - a scroll of fog
 l - a scroll of fear {unknown}
 n - a scroll of recharging {unknown}
Potions
 d - a potion of haste
 e - a potion of degeneration
Comestibles
 f - a bread ration
 h - a meat ration
 i - a slice of pizza


   Skills:
 - Level 3.6 Fighting
 * Level 9.1 Axes
 - Level 3.6 Armour
 - Level 3.6 Shields


You had 5 spell levels left.
You didn't know any spells.

Dungeon Overview and Level Annotations

Branches:
Dungeon (8/15)             Temple (1/1) D:7
   Lair: D:8-11

Altars:
Ashenzari
Cheibriados
Dithmenos
Elyvilon
Fedhas
Gozag
Hepliaklqana
Kikubaaqudgha
Makhleb
Nemelex Xobeh
Pakellas
Qazlal
Ru
Sif Muna
Trog
Uskayaw
Vehumet
Xom
Yredelemnul

Shops:
D:6 %}


Innate Abilities, Weirdness & Mutations

You reflexively headbutt those who attack you in melee.
You have a pair of horns on your head.


Message History

You feel sick. The killer bee closely misses you. The killer bee stings you.
* * * LOW HITPOINT WARNING * * *
You are more poisoned.
The killer bee poisons you!
Unknown command.
You hit the killer bee. Your headbutt misses the killer bee.
The killer bee is moderately wounded.
* * * LOW HITPOINT WARNING * * *
You feel sick. The killer bee closely misses you.
Unknown command.
You miss the killer bee. Your headbutt misses the killer bee.
The killer bee is moderately wounded.
* * * LOW HITPOINT WARNING * * *
You feel sick. You block the killer bee's attack.
Unknown command.
Your scale mail prevents you from hitting the killer bee.
You headbutt the killer bee.
The killer bee is severely wounded.
* * * LOW HITPOINT WARNING * * *
You feel sick.
The killer bee stings you but does no damage.
The killer bee barely misses you.
Unknown command.
Okay, then.
Okay, then.
You miss the killer bee.
The killer bee is severely wounded.
* * * LOW HITPOINT WARNING * * *
You feel very sick. The killer bee barely misses you.
You block the killer bee's attack.
Unknown command.
Your shield and scale mail prevent you from hitting the killer bee.
Your headbutt misses the killer bee.
The killer bee is severely wounded.
* * * LOW HITPOINT WARNING * * *
You feel sick. The killer bee closely misses you.
Unknown command.
You miss the killer bee.
The killer bee is severely wounded.
You die...

### #.....
........ ..#....
..........
........(.
.........#
.......#.#
.......#@# .#
.......#y##...#
#+##.y..y.....#
...y....#.......
yy....#.#.....##
...$..#.#.......
y.... ..#.......
#... ..........
#.## .#.##......


You could see 2 killer bees.

Vanquished Creatures
  Sigmund (D:2)
  An ogre (D:5)
  A giant frog (D:6)
  2 killer bees (D:8)
  A crimson imp (D:6)
  A centaur skeleton (D:7)
  A hound zombie (D:6)
  3 adders
  A shadow imp (D:7)
  An ooze (D:2)
  A worm (D:2)
  A giant gecko (D:3)
  An orc (D:3)
  2 bats (D:2)
  A goblin (D:2)
  2 hobgoblins
  2 jackals (D:4)
  2 giant newts (D:2)
  A kobold (D:2)
26 creatures vanquished.

Notes
Turn   | Place    | Note
--------------------------------------------------------------
     0 | D:1      | Implojin the Minotaur Fighter began the quest for the Orb.
     0 | D:1      | Reached XP level 1. HP: 19/19 MP: 0/0
    52 | D:2      | Reached skill level 3 in Axes
    52 | D:2      | Reached XP level 2. HP: 23/26 MP: 1/1
    80 | D:2      | Noticed Sigmund
    95 | D:2      | Killed Sigmund
    95 | D:2      | Reached skill level 6 in Axes
    95 | D:2      | Reached XP level 3. HP: 27/31 MP: 2/2
    95 | D:2      | Reached XP level 4. HP: 35/39 MP: 3/3
    95 | D:2      | Reached XP level 5. HP: 40/45 MP: 4/4
   231 | D:4      | Found a hazy altar of Hepliaklqana.
   261 | D:5      | Entered Level 5 of the Dungeon
   270 | D:5      | Noticed an ogre
   284 | D:5      | Killed an ogre
   284 | D:5      | Reached skill level 7 in Axes
   284 | D:5      | Reached XP level 6. HP: 39/51 MP: 5/5
   379 | D:6      | Found Obliveso's Food Shoppe.
   380 | D:6      | Found Uwne's Gadget Emporium.
   385 | D:6      | Reached skill level 8 in Axes
   464 | D:7      | Found a staircase to the Ecumenical Temple.
   479 | Temple   | Entered the Ecumenical Temple
   522 | Temple   | Became a worshipper of Trog the Wrathful
   583 | D:8      | Reached skill level 9 in Axes
   595 | D:8      | HP: 2/51 [poisoned by a killer bee]
   597 | D:8      | Succumbed to a killer bee's poison

Vault maps used:
D:1:      dpeg_arrival_pits
D:2:      first_bread, minmay_misc_feat_x, uniq_sigmund
D:4:      lemuel_crystal_altar, zin_treasury
D:5:      serial_shops, nicolae_shop_stone
D:6:      minmay_shoptagon, nicolae_tso_swordbearing_angel, basic_altar
D:7:      basic_altar
D:8:      nicolae_overflow_crystal_walls, uniq_erolcha
Temple:   compressed_dpeg_circular_temple

Skill      XL: |  1  2  3  4  5  6 |
---------------+-------------------+-----
Axes           | 3 6 7 9 |  9.1
Fighting       | |  3.6
Armour         | |  3.6
Shields        | |  3.6

Action                   |  1- 3 |  4- 6 || total
-------------------------+-------+-------++-------
Melee: War axe           |    18 |    66 ||    84
       Headbutt          |     3 |     8 ||    11
  Use: Potion            |     1 |     1 ||     2
       Scroll            |       |     4 ||     4
Armor: Scale mail        |     4 |    26 ||    30
Dodge: Dodged            |     4 |    17 ||    21
Block: Shield            |     7 |    31 ||    38

Table legend:
 A = Turns spent in this place as a percentage of turns spent in the entire game.
 B = Non-inter-level travel turns spent in this place as a percentage of non-inter-level travel turns spent in the entire game.
 C = Inter-level travel turns spent in this place as a percentage of turns spent in this place.
 D = Turns resting spent in this place as a percentage of non-inter-level travel turns spent in this place.
 E = Turns spent auto-exploring this place as a percentage of non-inter-level travel turns spent in this place.
 F = Non-inter-level travel turns spent in this place divided by the number of levels of this place that you've seen.
                   A       B       C       D       E      F
               +-------+-------+-------+-------+-------+----------------------
         Total | 100.0 | 100.0 |   0.0 |   0.0 |   0.0 |  66.0
       Dungeon |  87.7 |  87.7 |   0.0 |   0.0 |   0.0 |  65.1
        Temple |  12.3 |  12.3 |   0.0 |   0.0 |   0.0 |  73.0
               +-------+-------+-------+-------+-------+----------------------

Table legend:
 A = Kills in this place as a percentage of kills in entire the game.
 B = Kills by you in this place as a percentage of kills by you in the entire game.
 C = Kills by friends in this place as a percentage of kills by friends in the entire game.
 D = Other kills in this place as a percentage of other kills in the entire game.
 E = Experience gained in this place as a percentage of experience gained in the entire game.
 F = Experience gained in this place divided by the number of levels of this place that you have seen.
                   A       B       C       D       E      F
               +-------+-------+-------+-------+-------+----------------------
         Total | 100.0 | 100.0 |  -nan |  -nan | 100.0 |  81.1
       Dungeon | 100.0 | 100.0 |  -nan |  -nan | 100.0 |  91.2
               +-------+-------+-------+-------+-------+----------------------
